 Dungeon Crawl Stone Soup version 0.28-a0-565-g7719699fd9 (webtiles) character file.

Game seed: 4105936978548226247

806 IndexError the Caller (level 7, -4/51 HPs)
             Began as a Gnoll Summoner on Oct 1, 2021.
             Slain by an ogre (24 damage)
             ... on level 5 of the Dungeon.
             The game lasted 00:13:28 (5337 turns).

IndexError the Caller (Gnoll Summoner)              Turns: 5337, Time: 00:13:28

Health: -4/51      AC:  5    Str: 10    XL:     7   Next: 91%
Magic:  9/15       EV: 14    Int: 16    God:
Gold:   77         SH:  0    Dex: 13    Spells: 8/17 levels left

rFire   . . .      SeeInvis .   t - +2 short sword (vamp) {!w}
rCold   . . .      Faith    .   (no shield)
rNeg    . . .      Spirit   .   x - +1 robe "Teutt" {Will+ Regen+ Str-3}
rPois   +          Reflect  .   (no helmet)
rElec   .          Harm     .   (no cloak)
rCorr   .          Rampage  .   j - +1 pair of gloves
Will    +....                   (no boots)
Stlth   +++.......              (no amulet)
HPRegen 1.17/turn               b - +6 ring of strength
MPRegen 0.14/turn               s - ring of poison resistance {rPois, !d}

@: no status effects
A: fangs 1, strong nose, distributed training
a: no special abilities


You were on level 5 of the Dungeon.
You visited 1 branch of the dungeon, and saw 5 of its levels.

You collected 219 gold pieces.
You spent 142 gold pieces at shops.

Inventory:

Hand Weapons
 t - a +2 vampiric short sword (weapon) {!w}
   (You found it on level 4 of the Dungeon)
Missiles
 a - 4 curare-tipped darts
Armour
 j - a +1 pair of gloves (worn)
   (You found it on level 1 of the Dungeon)
 x - the +1 robe "Teutt" (worn) {Will+ Regen+ Str-3}
   (You bought it in a shop on level 1 of the Dungeon)

   Str:       It affects your strength (-3).
   Regen:     It increases your rate of health regeneration.
   Will:      It increases your willpower.
Magical Staves
 e - a staff of cold {rC+}
   (You found it on level 1 of the Dungeon)
Jewellery
 b - a +6 ring of strength (left hand)
   (You found it on level 1 of the Dungeon)
 s - a ring of poison resistance (right hand) {rPois, !d}
   (You found it on level 4 of the Dungeon)
Scrolls
 k - a scroll of vulnerability {!r!r}
 n - 2 scrolls of teleportation
Potions
 c - 3 potions of curing {unknown}
 o - 4 potions of haste {unknown}
 p - a potion of brilliance {unknown}
 q - a potion of magic
 r - a potion of flight
 u - 3 potions of lignification {unknown}
Miscellaneous
 v - a tin of tremorstones (inert)
   (You found it on level 4 of the Dungeon)


   Skills:
 + Level 2.8 Fighting
 + Level 2.8 Short Blades
 + Level 2.8 Long Blades
 + Level 2.8 Axes
 + Level 2.8 Maces & Flails
 + Level 2.8 Polearms
 + Level 2.8 Staves
 + Level 2.8 Slings
 + Level 2.8 Bows
 + Level 2.8 Crossbows
 + Level 2.8 Throwing
 + Level 2.8 Armour
 + Level 5.4 Dodging
 + Level 5.1 Stealth
 + Level 2.8 Shields
 + Level 2.8 Unarmed Combat
 + Level 5.8 Spellcasting
 + Level 2.2 Conjurations
 + Level 2.2 Hexes
 + Level 7.5 Summonings
 + Level 2.2 Necromancy
 + Level 2.2 Translocations
 + Level 2.2 Transmutations
 + Level 2.2 Fire Magic
 + Level 2.2 Ice Magic
 + Level 2.2 Air Magic
 + Level 2.2 Earth Magic
 + Level 2.2 Poison Magic
 + Level 3.1 Invocations
 + Level 2.8 Evocations


You had 8 spell levels left.
You knew the following spells:

 Your Spells              Type           Power      Damage    Failure   Level
a - Summon Small Mammal   Summ           100%       N/A       1%          1
b - Call Canine Familiar  Summ           28%        N/A       1%          3
c - Call Imp              Summ           28%        N/A       1%          2
d - Summon Guardian Gole  Hex/Summ       20%        N/A       5%          3

Your spell library contained the following spells:

 Spells                   Type           Power      Damage    Failure   Level
 Slow                     Hex            11%        N/A       9%          2
 Sublimation of Blood     Necr           5%         N/A       9%          2
 Wereblood                Tmut           11%        N/A       9%          2
 Confusing Touch          Hex            11%        N/A       17%         3
 Summon Lightning Spire   Summ/Air       20%        N/A       19%         4
 Yara's Violent Unravell  Hex/Tmut       5%         3d4       83%         5
 Summon Hydra             Summ           14%        N/A       99%         7


Dungeon Overview and Level Annotations

Branches:
Dungeon (5/15)
 Temple: D:4-7

Altars:

Shops:
D:1 *   D:4 :


Innate Abilities, Weirdness & Mutations

You have very sharp teeth.
Your uncanny sense of smell can sniff out nearby items.
Your experience applies equally to all skills.


Message History

Your Stealth skill increases to level 5!
No target in view!
Nothing quivered!
Nothing quivered!
Your hound looks more healthy.
An orc is nearby!
You regained 2 mp, and now have 14/15 mp.
An orc comes into view. It is wielding a +0 hand axe.
The orc barely misses you.
You swap places.
The orc hits your hound with a +0 flail!
Your hound closely misses the orc.
Your hound bites the orc.
The orc misses your hound.
Your hound barely misses the orc.
Your hound bites the orc.
The orc hits your hound with a +0 flail.
Your hound's corpse disappears in a puff of smoke!
MP restored: 15
Casting: Call Canine Familiar (safe; 1% risk of failure)
Confirm with . or Enter, or press ? or * to list all spells.
You now have 12/15 mp.
You swap places.
An adder comes into view.
Your hound barely misses the orc.
The orc barely misses your hound.
Your hound bites the orc.
The adder moves out of view.
The orc barely misses your hound.
The orc hits your hound with a +0 hand axe.
Casting: Call Canine Familiar (safe; 1% risk of failure)
Confirm with . or Enter, or press ? or * to list all spells.
A metallic apparition takes form in the air.
Your hound bites the orc.
The adder bites your iron imp.
The orc hits your hound with a +0 hand axe.
Your hound barely misses the orc.
You now have 11/15 mp.
Your hound bites the orc but does no damage.
The adder bites your iron imp but does no damage.
The orc barely misses your hound.
Your hound barely misses the orc.
The adder closely misses your iron imp.
Your iron imp completely misses the adder.
The orc closely misses your hound.
Your hound bites the orc but does no damage.
The adder bites your iron imp but does no damage.
Your hound bites the orc but does no damage.
Your iron imp hits the adder!
The orc hits your hound with a +0 hand axe.
Your hound barely misses the orc.
The orc hits your hound with a +0 hand axe.
Your hound barely misses the orc.
Your hound barely misses the orc.
The orc barely misses your hound.
Your hound bites the orc.
The orc misses your hound.
Your hound bites the orc.
Your hound barely misses the orc.
The orc hits your hound with a +0 hand axe.
Your hound's corpse disappears in a puff of smoke!
The orc hits you with a +0 hand axe.
You take 5 damage, and have 46/51 hp.
You completely miss the orc.
Menkaure calls on the powers of darkness!
Your body is wracked with pain!
The orc closely misses you.
You take 21 damage, and have 25/51 hp.
MASSIVE DAMAGE!!
You puncture the orc!
You feel better.
Menkaure casts a spell.
Menkaure seems to speed up.
You regained 2 hp, and now have 27/51 hp.
Items here: )) [[ †.
You regained 2 hp, and now have 30/51 hp.
Casting: Call Imp (safe; 1% risk of failure)
Confirm with . or Enter, or press ? or * to list all spells.
You regained 2 hp, and now have 37/51 hp.
You now have 10/15 mp.
Menkaure breathes soot at you.
You swap places.
Menkaure barely misses your iron imp.
You swap places.
Menkaure hits your iron imp!!
Your iron imp disappears in a puff of smoke!
Unknown command.
Menkaure hits your hound!
Your hound bites Menkaure but does no damage.
Menkaure hits your hound.
Your hound bites Menkaure but does no damage.
Menkaure misses your hound.
You regained 2 hp, and now have 44/51 hp.
Your hound bites Menkaure. x2; Menkaure hits your hound.
Your hound's corpse disappears in a puff of smoke!
The tremorstone explodes into fragments!
The burst of rock shards engulfs Menkaure!
The ogre shouts!
You hear a shout!
The tremorstone explodes into fragments!
The burst of rock shards engulfs Menkaure!!
The burst of rock shards engulfs you!
The burst of rock shards engulfs the ogre!!
The tin is emptied!
The ogre barely misses you.
Your Invocations skill increases to level 3!
You take 12 damage, and have 34/51 hp.
MASSIVE DAMAGE!!
The ogre hits you with a +0 giant spiked club!!
You take 18 damage, and have 16/51 hp.
MASSIVE DAMAGE!!
A necrophage comes into view.
Casting: Call Canine Familiar (safe; 1% risk of failure)
Confirm with . or Enter, or press ? or * to list all spells.
You regained 2 hp, and now have 19/51 hp.
You now have 9/15 mp.
The ogre hits you with a +0 giant spiked club!!
You die...

#.......##....#
#....#.###.####
#.#.....#.##..#
#..............
##...#.###..#
#.########.####
##.#.......#
#.......##.#
#.#.#####.#
#.#####.##.#
.###....####.# #.# #.#
.............# #.# ∆
#..
#####...#########.#
### #...#
#..O@...#####
#...###.###.hn.....
#.......# #.#######
#.O###### #.# #..# #)#
#..########.#
.....M....†.#
...[......####
#...#......###########


You could see an ogre, a necrophage (ally target) and a friendly hound
(summoned).

Vanquished Creatures
  Menkaure (D:5)
  A bullfrog (D:4)
  A killer bee (D:5)
  A hound (D:4)
  3 adders
  An adder skeleton (D:4)
  An orc (D:5)
  2 ball pythons
  2 giant cockroaches
  A goblin (D:4)
  2 hobgoblins
  A jackal (D:2)
  5 kobolds
  A bat (D:3)
  3 rats (D:3)
26 creatures vanquished.

Vanquished Creatures (collateral kills)
  A water moccasin (D:4)
  A centaur skeleton (D:4)
  9 adders
  A shadow imp (D:4)
  An adder zombie (D:4)
  An adder skeleton (D:4)
  5 worms
  A dart slug (D:3)
  4 orcs
  7 ball pythons
  3 bats
  5 endoplasms
  2 giant cockroaches
  8 hobgoblins
  A jackal (D:2)
  2 kobolds
  A quokka (D:1)
  2 frilled lizards (D:2)
  7 goblins
  6 rats
68 creatures vanquished.

Vanquished Creatures (others)
  4 killer bees (D:5)
4 creatures vanquished.

Grand Total: 98 creatures vanquished

Notes
Turn   | Place    | Note
-------+----------+-------------------------------------------
     0 | D:1      | IndexError the Gnoll Summoner began the quest for the Orb.
     0 | D:1      | Reached XP level 1. HP: 13/13 MP: 6/6
   379 | D:1      | Reached XP level 2. HP: 19/19 MP: 4/7
   417 | D:1      | HP: 3/20 [ball python (2)]
   418 | D:1      | HP: 1/20 [ball python (1)]
   996 | D:1      | Found Dile's Assorted Antiques.
  1269 | D:2      | Reached skill level 5 in Spellcasting
  1269 | D:2      | Reached XP level 3. HP: 19/25 MP: 6/9
  1466 | D:2      | Reached skill level 1 in Invocations
  1622 | D:2      | Reached skill level 1 in Fighting
  1622 | D:2      | Reached skill level 1 in Short Blades
  1622 | D:2      | Reached skill level 1 in Long Blades
  1622 | D:2      | Reached skill level 1 in Axes
  1622 | D:2      | Reached skill level 1 in Maces & Flails
  1622 | D:2      | Reached skill level 1 in Polearms
  1622 | D:2      | Reached skill level 1 in Staves
  1622 | D:2      | Reached skill level 1 in Slings
  1622 | D:2      | Reached skill level 1 in Bows
  1622 | D:2      | Reached skill level 1 in Crossbows
  1622 | D:2      | Reached skill level 1 in Throwing
  1622 | D:2      | Reached skill level 1 in Armour
  1622 | D:2      | Reached skill level 1 in Shields
  1622 | D:2      | Reached skill level 1 in Unarmed Combat
  1622 | D:2      | Reached skill level 1 in Evocations
  1627 | D:2      | Reached XP level 4. HP: 16/32 MP: 8/11
  1788 | D:2      | Learned a level 2 spell: Call Imp
  1792 | D:2      | Learned a level 3 spell: Call Canine Familiar
  2052 | D:2      | Found a faded altar of an unknown god.
  2288 | D:3      | Reached skill level 1 in Conjurations
  2288 | D:3      | Reached skill level 1 in Hexes
  2288 | D:3      | Reached skill level 1 in Necromancy
  2288 | D:3      | Reached skill level 1 in Translocations
  2288 | D:3      | Reached skill level 1 in Transmutations
  2288 | D:3      | Reached skill level 1 in Fire Magic
  2288 | D:3      | Reached skill level 1 in Ice Magic
  2288 | D:3      | Reached skill level 1 in Air Magic
  2288 | D:3      | Reached skill level 1 in Earth Magic
  2288 | D:3      | Reached skill level 1 in Poison Magic
  2587 | D:3      | Reached XP level 5. HP: 37/37 MP: 7/12
  3857 | D:4      | Noticed a water moccasin
  3867 | D:4      | Killed a water moccasin
  3868 | D:4      | Reached skill level 5 in Dodging
  3868 | D:4      | Reached skill level 2 in Invocations
  3868 | D:4      | Reached XP level 6. HP: 27/44 MP: 10/14
  3998 | D:4      | Reached skill level 2 in Fighting
  3998 | D:4      | Reached skill level 2 in Short Blades
  3998 | D:4      | Reached skill level 2 in Long Blades
  3998 | D:4      | Reached skill level 2 in Axes
  3998 | D:4      | Reached skill level 2 in Maces & Flails
  3998 | D:4      | Reached skill level 2 in Polearms
  3998 | D:4      | Reached skill level 2 in Staves
  3998 | D:4      | Reached skill level 2 in Slings
  3998 | D:4      | Reached skill level 2 in Bows
  3998 | D:4      | Reached skill level 2 in Crossbows
  3998 | D:4      | Reached skill level 2 in Throwing
  3998 | D:4      | Reached skill level 2 in Armour
  3998 | D:4      | Reached skill level 2 in Shields
  3998 | D:4      | Reached skill level 2 in Unarmed Combat
  3998 | D:4      | Reached skill level 2 in Evocations
  4188 | D:4      | Found Pepp's Book Shoppe.
  4587 | D:5      | Entered Level 5 of the Dungeon
  4627 | D:5      | Noticed Menkaure
  4729 | D:1      | Bought a fabulously ornate robe for 142 gold pieces
  4729 | D:1      | Identified the +1 robe "Teutt" {Will+ Regen+ Str-3} (You
                  | bought it in a shop on level 1 of the Dungeon)
  4958 | D:4      | Learned a level 3 spell: Summon Guardian Golem
  4976 | D:5      | Reached XP level 7. HP: 50/50 MP: 10/15
  5040 | D:5      | Reached skill level 2 in Conjurations
  5040 | D:5      | Reached skill level 2 in Hexes
  5040 | D:5      | Reached skill level 2 in Necromancy
  5040 | D:5      | Reached skill level 2 in Translocations
  5040 | D:5      | Reached skill level 2 in Transmutations
  5040 | D:5      | Reached skill level 2 in Fire Magic
  5040 | D:5      | Reached skill level 2 in Ice Magic
  5040 | D:5      | Reached skill level 2 in Air Magic
  5040 | D:5      | Reached skill level 2 in Earth Magic
  5040 | D:5      | Reached skill level 2 in Poison Magic
  5062 | D:5      | HP: 8/51 [??? (5)]
  5283 | D:5      | Reached skill level 5 in Stealth
  5333 | D:5      | Killed Menkaure
  5334 | D:5      | Reached skill level 3 in Invocations
  5337 | D:5      | Slain by an ogre

Illustrated notes

Levels and vault maps discovered:
D:1:      lightli_iron_boxes, layout_loops_ring, serial_shops, shop
D:2:      layout_rooms, shapermc_ecumenical_altar_mp_urbaneastern
D:3:      layout_basic, kennysheep_generic_room_6
D:4:      layout_basic, serial_shops, kennysheep_mini_moat,
          minmay_divided_ellipse
D:5:      layout_loops_ring, uniq_menkaure

Skill      XL: |  1  2  3  4  5  6  7 |
---------------+----------------------+-----
Spellcasting   | 5 |  5.8
Invocations    | 1 2 3 |  3.1
Fighting       | 1 2 |  2.8
Short Blades   | 1 2 |  2.8
Long Blades    | 1 2 |  2.8
Axes           | 1 2 |  2.8
Maces & Flails | 1 2 |  2.8
Polearms       | 1 2 |  2.8
Staves         | 1 2 |  2.8
Slings         | 1 2 |  2.8
Bows           | 1 2 |  2.8
Crossbows      | 1 2 |  2.8
Throwing       | 1 2 |  2.8
Armour         | 1 2 |  2.8
Shields        | 1 2 |  2.8
Unarmed Combat | 1 2 |  2.8
Evocations     | 1 2 |  2.8
Conjurations   | 1 2 |  2.2
Hexes          | 1 2 |  2.2
Necromancy     | 1 2 |  2.2
Translocations | 1 2 |  2.2
Transmutations | 1 2 |  2.2
Fire Magic     | 1 2 |  2.2
Ice Magic      | 1 2 |  2.2
Air Magic      | 1 2 |  2.2
Earth Magic    | 1 2 |  2.2
Poison Magic   | 1 2 |  2.2
Dodging        | 5 |  5.4
Stealth        | 5 |  5.1
Summonings     | |  7.5

Action                   |  1- 3 |  4- 6 |  7- 9 || total
-------------------------+-------+-------+-------++-------
Melee: Unarmed           |    14 |       |       ||    14
       Bite              |     4 |     6 |       ||    10
       Staff             |    32 |    65 |       ||    97
       Short sword       |       |    31 |     7 ||    38
       Punch             |       |     2 |       ||     2
 Cast: Summon Small Mamm |    39 |    10 |       ||    49
       Call Imp          |       |    17 |     3 ||    20
       Call Canine Famil |       |    24 |     8 ||    32
       Summon Guardian G |       |       |     1 ||     1
Evoke: Tin of tremorston |       |       |     2 ||     2
  Use: Scroll            |       |    11 |     1 ||    12
 Stab: Sleeping          |       |     7 |       ||     7
       Distracted        |       |     3 |       ||     3
Armor: Robe              |    16 |    14 |     3 ||    33
Dodge: Dodged            |    58 |    86 |    13 ||   157

Table legend: (Time is in decaauts)
 A = Elapsed time spent in this place.
 B = Non-inter-level travel time spent in this place.
 C = Inter-level travel time spent in this place.
 D = Time resting spent in this place.
 E = Time spent auto-exploring this place.
 F = Levels seen in this place.
 G = Mean time per level.
                   A        B        C        D        E       F      G
               +--------+--------+--------+--------+--------+-----+--------+
         Total |   5365 |   4846 |    519 |     25 |   3847 |   5 | 1073.0 |
       Dungeon |   5365 |   4846 |    519 |     25 |   3847 |   5 | 1073.0 |
               +--------+--------+--------+--------+--------+-----+--------+

Top non-repeatable levels by time:
     D:4: 1464 daAuts
     D:3: 1380 daAuts
     D:1: 1340 daAuts
     D:2: 872 daAuts
     D:5: 307 daAuts

Table legend:
 A = Kills in this place as a percentage of kills in entire the game.
 B = Kills by you in this place as a percentage of kills by you in the entire game.
 C = Kills by friends in this place as a percentage of kills by friends in the entire game.
 D = Other kills in this place as a percentage of other kills in the entire game.
 E = Experience gained in this place as a percentage of experience gained in the entire game.
 F = Experience gained in this place divided by the number of levels of this place that you have seen.
                   A       B       C       D       E      F
               +-------+-------+-------+-------+-------+----------------------
         Total | 100.0 | 100.0 | 100.0 | 100.0 | 100.0 | 230.4
       Dungeon | 100.0 | 100.0 | 100.0 | 100.0 | 100.0 | 230.4
               +-------+-------+-------+-------+-------+----------------------
